 Dungeon Crawl Stone Soup version 0.31-a0-978-g1e143483b6 (webtiles) character file.

Game seed: 2606841623877672696

12099 Arcadio the Grappler (level 11, -6/101 HPs)
             Began as a Ghoul Monk on Oct 30, 2023.
             Was the Champion of Qazlal.
             Mangled by a torpor snail (11 damage)
             ... on level 1 of the Lair of Beasts.
             The game lasted 00:23:45 (9860 turns).

Arcadio the Grappler (Ghoul Monk)                   Turns: 9860, Time: 00:23:45

Health: -6/101     AC: 21    Str: 23    XL:     11   Next: 88%
Magic:  14/14      EV: 10    Int:  5    God:    Qazlal [******]
Gold:   226        SH:  8    Dex: 16    Spells: 10/10 levels left

rFire   x . .        b - +7 sling "Hid Dauh" {elec, Will+}
rCold   + + +        c - orb {light}
rNeg    + + +        O - +3 plate armour {rC+}
rPois   ∞            (no helmet)
rElec   .            (no cloak)
rCorr   +            (no gloves)
SInv    .            x - +0 pair of boots "Lanysas" {rF- rC+ rCorr Str+3}
Will    +....        y - amulet "Kereos" {Faith Drain rC+ rN+ Dex+5} Stlth
                     (no ring)
HPRegen 0.00/turn    (no ring)
MPRegen 0.14/turn

%: repel missiles, faith
@: about to teleport, protected from physical damage, inhibited regen, slowed,
glowing, very slow
A: claws 1, cold resistance 1, negative energy resistance 3, inhibited
regeneration, torment resistance 2, devour on kill
a: Renounce Religion, Upheaval, Elemental Force, Disaster Area


You were on level 1 of the Lair of Beasts.
You worshipped Qazlal.
Qazlal was exalted by your worship.
You visited 4 branches of the dungeon, and saw 13 of its levels.
You also visited: Bailey.

You collected 1362 gold pieces.
You spent 1136 gold pieces at shops.

Inventory:

Hand Weapons
 b - the +7 sling "Hid Dauh" (weapon) {elec, Will+}
   (You found it on level 5 of the Dungeon)

   Will+:     It increases your willpower.
Missiles
 f - 2 throwing nets
Armour
 c - an orb of light (worn)
 n - the +1 scale mail of the Undertaker {Regen+ Int+6}
   (You found it on level 3 of the Dungeon)

   Int+6:     It affects your intelligence (+6).
   Regen+:    It increases your rate of health regeneration.
 p - the +2 leather armour of Parlour Games {+Blink}
   (You found it on level 4 of the Dungeon)

   +Blink:    It lets you blink.
 x - the +0 pair of boots "Lanysas" (worn) {rF- rC+ rCorr Str+3}
   (You bought it in a shop on level 5 of the Dungeon)

   Str+3:     It affects your strength (+3).
   rF-:       It makes you vulnerable to fire.
   rC+:       It protects you from cold.
   rCorr:     It protects you from acid and corrosion.
 H - the +1 ring mail of the Stained God {rElec}
   (You found it on level 8 of the Dungeon)

   rElec:     It insulates you from electricity.
 N - a +2 pair of boots of flying
 O - a +3 plate armour of cold resistance (worn)
Jewellery
 y - the amulet "Kereos" (around neck) {Faith Drain rC+ rN+ Dex+5}
   (You found it on level 7 of the Dungeon)

   [amulet of faith]

   Faith:     It allows you to gain divine favour quickly.
   Dex+5:     It affects your dexterity (+5).
   rC+:       It protects you from cold.
   rN+:       It protects you from negative energy.
   Drain:     It drains your maximum health when unequipped.
 J - a ring of resist corrosion
Wands
 l - a wand of flame (16)
 m - a wand of mindburst (16)
 s - a wand of roots (9)
 D - a wand of polymorph (5)
 K - a wand of acid (6)
 L - a wand of digging (2)
Scrolls
 g - 3 scrolls of teleportation
 h - 3 scrolls of silence
 j - 3 scrolls of vulnerability
 o - a scroll of brand weapon {unknown}
 q - a scroll of immolation {unknown}
 z - a scroll of revelation {unknown}
 A - 2 scrolls of fog
 C - a scroll of fear {unknown}
 F - a scroll of enchant weapon {unknown}
Potions
 d - 4 potions of attraction
 i - 3 potions of cancellation
 u - 2 potions of might
 w - 2 potions of haste {unknown}
 B - a potion of lignification {unknown}
 E - 2 potions of heal wounds {unknown}
 I - 7 potions of enlightenment
 M - 2 potions of curing


   Skills:
 + Level 10.8 Fighting
 + Level 8.3 Armour
 - Level 7.1 Dodging
 + Level 10.9 Unarmed Combat
 + Level 6.5 Invocations


You had 10 spell levels left.
You didn't know any spells.
Your spell library contained the following spells:

 Spells                   Type           Power      Damage    Failure   Level
 Foxfire                  Conj/Fire      0%         2x1d4     100%        1
 Call Canine Familiar     Summ           0%         N/A       100%        3
 Inner Flame              Hex/Fire       0%         N/A       100%        3
 Sigil of Binding         Hex            0%         N/A       100%        3
 Volatile Blastmotes      Fire/Tloc      0%         2d10      100%        3
 Animate Dead             Necr           0%         N/A       100%        4
 Dimensional Bullseye     Hex/Tloc       0%         N/A       100%        4
 Flame Wave               Conj/Fire      0%         2d4       100%        4
 Fulminant Prism          Conj/Hex       0%         3d5       100%        4
 Iskenderun's Mystic Bla  Conj/Tloc      0%         2d3       100%        4
 Leda's Liquefaction      Hex/Erth       0%         N/A       100%        4
 Sticky Flame             Conj/Fire      0%         2d3       100%        4
 Alistair's Intoxication  Tmut/Pois      0%         N/A       100%        5
 Borgnjor's Vile Clutch   Necr/Erth      0%         N/A       100%        5
 Death Channel            Necr           0%         N/A       100%        6
 Eringya's Noxious Bog    Tmut/Pois      0%         4d6       100%        6
 Plasma Beam              Fire/Air       0%         2x1d10    100%        6
 Starburst                Conj/Fire      0%         6d3       100%        6


Dungeon Overview and Level Annotations

Branches:
Dungeon (10/15) Zot: 26020  Temple (1/1) D:6 Zot: 5998    Lair (1/5) D:10 Zot: 5357
    Orc (1/2) D:9 Zot: 5993  Bailey (visited)

Altars:
Ashenzari
Cheibriados
Dithmenos
Fedhas
Gozag
Hepliaklqana
Kikubaaqudgha
Makhleb
Nemelex Xobeh
Okawaru
Qazlal
Ru
Sif Muna
Trog
Uskayaw
Vehumet
Wu Jian
Xom
Yredelemnul
Jiyva

Shops:
D:5 [


Innate Abilities, Weirdness & Mutations

You are immune to poison.
You have sharp fingernails.
Your flesh is cold resistant. (rC+)
You are immune to negative energy. (rN+++)
You do not regenerate when monsters are visible.
You are immune to unholy pain and torment.
You thrive by killing the living.


Message History

You block the torpor snail's attack.
The rime drake bites you but does no damage.
You shoot a sling bullet.
The sling bullet hits the torpor snail but does no damage.
The rime drake breathes ice at you. The icy flash freeze hits you.
You partially resist.
You feel more protected from cold.
You are encased in ice.
The torpor snail is engulfed in freezing vapours.
The torpor snail closely misses you.
The rime drake bites you but does no damage.
The torpor snail is engulfed in freezing vapours.
The torpor snail bites you! The rime drake barely misses you.
You hear an angry growl.
You shoot a sling bullet. The sling bullet hits the rime drake!
The rime drake is moderately wounded.
You block the rime drake's attack. The rime drake closely misses you.
The torpor snail is engulfed in freezing vapours.
The torpor snail barely misses you. The rime drake bites you.
Your resistance to cold fades away.
You feel protected from physical attacks.
The torpor snail is engulfed in freezing vapours.
The torpor snail bites you!
* * * LOW HITPOINT WARNING * * *
The rime drake misses you.
Your magical effects are unravelling.
You feel magically purged. The ice encasing you melts away.
The rime drake bites you but does no damage.
The torpor snail bites you!
* * * LOW HITPOINT WARNING * * *
You feel more protected from physical attacks.
Okay, then.
Okay, then.
Okay, then.
As you read the scroll of teleportation, it crumbles to dust.
You feel strangely unstable.
The rime drake bites you but does no damage.
The torpor snail bites you!
You die...

.# .# .. .# ### ###
.# #.###.# S##
##...## ##w.#
#P....#### ###@k#
##...##..#####....#
#...........#.°####
##.............#
####.....#########
# #....##...###.#
####...###.....[##
P#....#.##.......#
.....##.##.......##


You could see a torpor snail, a rime drake and a water moccasin.

Vanquished Creatures
  Pikel (D:4)
  Maggie (D:9)
  A cane toad (Lair:1)
  4 komodo dragons
  3 trolls (D:9)
  A polar bear (Lair:1)
  2 hornets
  A shadow (D:5)
  3 yaks (D:10)
  2 wraiths
  5 wyverns
  2 steam dragons
  Duvessa (D:7)
  3 water moccasins (Lair:1)
  5 black bears
  17 orc warriors
  An ice beast (D:6)
  An ogre (D:5)
  2 centaurs
  5 wolves (Lair:1)
  2 lemures
  A phantom (D:6)
  10 bullfrogs
  A gnoll sergeant (D:8)
  2 scorpions
  7 wights
  Dowan (D:7)
  18 killer bees
  4 electric eels (D:9)
  A howler monkey (D:7)
  A gnoll bouda (D:8)
  5 hounds
  8 jellies
  7 orc priests
  Jessica (D:3)
  3 sleepcaps
  Ijyb (D:4)
  Natasha (thrice) (D:4)
  6 iguanas
  6 orc wizards
  16 gnolls
  5 adders (D:4)
  5 white imps
  4 ufetubi
  3 worms
  3 dart slugs
  53 orcs
  9 bats
  5 endoplasms
  A giant cockroach (D:1)
  10 goblins
  5 hobgoblins
  5 jackals
  18 kobolds
  A quokka (D:1)
  3 ball pythons
  3 frilled lizards
  2 rats
300 creatures vanquished.

Vanquished Creatures (others)
  A jelly (D:7)
1 creature vanquished.

Grand Total: 301 creatures vanquished

Notes
Turn   | Place    | Note
-------+----------+-------------------------------------------
     0 | D:1      | Arcadio the Ghoul Monk began the quest for the Orb.
     0 | D:1      | Reached XP level 1. HP: 19/19 MP: 0/0
    49 | D:1      | Found a faded altar of an unknown god.
    90 | D:1      | Reached XP level 2. HP: 25/26 MP: 1/1
   359 | D:1      | Reached XP level 3. HP: 33/33 MP: 2/2
  1394 | D:3      | Noticed Jessica
  1404 | D:3      | Killed Jessica
  1405 | D:3      | Reached XP level 4. HP: 40/40 MP: 3/3
  1582 | D:3      | Identified the +1 scale mail of the Undertaker {Regen+
                  | Int+6}
  1670 | D:3      | Found an ancient bone altar of Kikubaaqudgha.
  1709 | D:3      | Found a stormy altar of Qazlal.
  1974 | D:4      | Identified the +2 leather armour of Parlour Games {+Blink}
  1979 | D:4      | Reached XP level 5. HP: 47/47 MP: 4/4
  2060 | D:4      | Reached skill level 1 in Armour
  2120 | D:4      | Noticed Natasha
  2127 | D:4      | Killed Natasha
  2213 | D:4      | Noticed a lemure
  2244 | D:4      | Killed a lemure
  2397 | D:4      | Noticed a black bear
  2404 | D:4      | Killed a black bear
  2405 | D:4      | Reached XP level 6. HP: 48/55 MP: 5/5
  2515 | D:4      | Noticed Natasha
  2523 | D:4      | Killed Natasha
  2524 | D:4      | Reached skill level 5 in Fighting
  2538 | D:4      | Noticed Ijyb
  2562 | D:4      | Killed Ijyb
  2563 | D:4      | Reached skill level 5 in Unarmed Combat
  2641 | D:4      | Noticed Natasha
  2649 | D:4      | Killed Natasha
  2729 | D:4      | Noticed Pikel
  2889 | D:4      | Killed Pikel
  2890 | D:4      | Reached XP level 7. HP: 40/62 MP: 6/6
  3263 | D:3      | Found a broken altar of Ashenzari.
  3263 | D:3      | Found an iron altar of Okawaru.
  3274 | D:3      | Became a worshipper of Qazlal Stormbringer
  3274 | D:3      | Reached * piety under Qazlal
  3274 | D:3      | Reached ** piety under Qazlal
  3330 | D:5      | Entered Level 5 of the Dungeon
  3349 | D:5      | Reached XP level 8. HP: 70/70 MP: 7/7
  3482 | D:5      | Reached skill level 5 in Dodging
  3591 | D:5      | Found Xexuehav's Antique Armour Shop.
  3646 | D:5      | Identified the +7 sling "Hid Dauh" {elec, Will+}
  3854 | D:5      | Noticed a shadow
  3869 | D:5      | Killed a shadow
  4006 | D:6      | Reached XP level 9. HP: 79/79 MP: 8/8
  4139 | D:6      | Reached skill level 5 in Armour
  4329 | D:6      | Identified the +6 long sword "Ghoul's Foe" {freeze, rN++}
  4408 | D:6      | Found a staircase to the Ecumenical Temple.
  4414 | Temple   | Entered the Ecumenical Temple
  4666 | D:7      | Reached *** piety under Qazlal
  4713 | D:5      | Bought a pair of fine boots for 304 gold pieces
  4713 | D:5      | Identified the +0 pair of boots "Lanysas" {rF- rC+ rCorr
                  | Str+3} (You bought it in a shop on level 5 of the Dungeon)
  4784 | D:7      | Identified the amulet "Kereos" {Faith Drain rC+ rN+ Dex+5}
  5208 | D:7      | Noticed Duvessa
  5209 | D:7      | Noticed Dowan
  5216 | D:7      | Killed Duvessa
  5218 | D:7      | Killed Dowan
  5752 | D:8      | Reached XP level 10. HP: 88/90 MP: 9/9
  5819 | D:8      | Found an ornate altar of the Wu Jian Council.
  5826 | D:8      | Found a viscous altar of Jiyva.
  5930 | D:8      | Identified the +1 ring mail of the Stained God {rElec}
  6169 | D:8      | Reached **** piety under Qazlal
  6200 | D:8      | Reached skill level 1 in Invocations
  6807 | D:9      | Reached ***** piety under Qazlal
  6837 | D:9      | Noticed Maggie
  6850 | D:9      | Killed Maggie
  7387 | D:9      | Found a staircase to the Orcish Mines.
  7425 | D:9      | Reached XP level 11. HP: 93/99 MP: 13/13
  7910 | Orc:1    | Entered Level 1 of the Orcish Mines
  7911 | Orc:1    | Noticed an orc knight
  7914 | Orc:1    | Noticed an orc sorcerer
  7915 | Orc:1    | Noticed an orc sorcerer
  7964 | D:10     | Entered Level 10 of the Dungeon
  7986 | D:10     | Reached skill level 10 in Unarmed Combat
  7998 | D:10     | Reached skill level 10 in Fighting
  8007 | D:10     | Reached skill level 5 in Invocations
  8050 | D:10     | Found a burning altar of Makhleb.
  8112 | D:10     | Found a hide-covered altar of Uskayaw.
  8259 | D:10     | Found a staircase to the Lair.
  8390 | D:10     | Found a flagged portal.
  8399 | Bailey   | Entered a bailey
  8594 | Bailey   | Reached ****** piety under Qazlal
  9105 | D:5      | Bought a runed plate armour for 832 gold pieces
  9249 | Lair:1   | Entered Level 1 of the Lair of Beasts
  9859 | Lair:1   | HP: 5/101 [torpor snail (14)]
  9860 | Lair:1   | Mangled by a torpor snail

Illustrated notes

Levels and vault maps discovered:
D:1:      onia_arrival_pentagram, layout_basic, basic_ecumenical_altar
D:2:      layout_loops_ring
D:3:      layout_loops_ring, kiku_gazebo_garden_becter,
          nicolae_overflow_hidden_temple, uniq_jessica
D:4:      black_bear_nest_2, layout_basic, uniq_pikel, uniq_ijyb, uniq_natasha
D:5:      layout_rooms, serial_shops, nicolae_shop_dealshenge,
          grunt_ministairs_8
D:6:      layout_cave_pools, minmay_temple_entry_enclosed_plants
D:7:      layout_cave_pods, minmay_misc_feat_rows,
          minmay_misc_feat_secret_circle, corexii_leaking_fountain,
          hangedman_decor_peaks_small, st_stairs_3, uniq_duvessa
D:8:      layout_basic, nicolae_wu_jian_wuxing_cycle, special_room
          [special_room_orc], kennysheep_small_spiral, jiyva_altar_1
D:9:      layout_loops_corners, erik_orc_2, uniq_maggie
D:10:     layout_loops_ring, amcnicky_altar_gilded, bloody_makhleb,
          david_lair_shrubbed, enter_bailey_2, kennysheep_generic_room_9
Temple:   nicolae_temple_bog_church
Lair:1:   layout_misc_corridors, pdpol_lair_cavern_descent, grunt_megastairs_4
Orc:1:    layout_caves, nicolae_specific_store, uniq_urug

Skill      XL: |  1  2  3  4  5  6  7  8  9 10 11 |
---------------+----------------------------------+-----
Dodging        | 3 4 5 7 |  7.1
Fighting       | 4 5 7 8 9 10 | 10.8
Unarmed Combat | 4 5 7 8 9 10 | 10.9
Armour         | 1 3 4 5 7 8 |  8.3
Invocations    | 4 6 |  6.5

Action                     |  1- 3 |  4- 6 |  7- 9 | 10-12 || total
---------------------------+-------+-------+-------+-------++-------
  Melee: Unarmed           |    73 |   145 |   151 |   342 ||   711
   Fire: Sling             |       |       |    75 |   137 ||   212
 Invoke: Upheaval          |       |       |       |     2 ||     2
    Use: Scroll            |     4 |     2 |     3 |     2 ||    11
         Potion            |       |       |     2 |     2 ||     4
 Armour: Robe              |    29 |       |       |       ||    29
         Ring mail         |    11 |     8 |       |       ||    19
         Scale mail        |       |    90 |   156 |   223 ||   469
         Plate armour      |       |       |       |   106 ||   106
  Dodge: Dodged            |    34 |    73 |   119 |   272 ||   498
         Repelled          |       |       |       |     3 ||     3
  Block: Orb               |       |       |    21 |   164 ||   185

Table legend: (Time is in decaauts)
 A = Elapsed time spent in this place.
 B = Non-inter-level travel time spent in this place.
 C = Inter-level travel time spent in this place.
 D = Time resting spent in this place.
 E = Time spent auto-exploring this place.
 F = Levels seen in this place.
 G = Mean time per level.
                   A        B        C        D        E       F      G
               +--------+--------+--------+--------+--------+-----+--------+
         Total |   9923 |   9098 |    825 |    388 |   6080 |  14 |  708.8 |
       Dungeon |   8916 |   8091 |    825 |    198 |   5606 |  10 |  891.6 |
        Temple |      1 |      1 |      0 |      0 |      0 |   1 |    1.0 |
          Lair |    641 |    641 |      0 |    190 |    326 |   1 |  641.0 |
  Orcish Mines |      6 |      6 |      0 |      0 |      0 |   1 |    6.0 |
        Bailey |    357 |    357 |      0 |      0 |    147 |   1 |  357.0 |
               +--------+--------+--------+--------+--------+-----+--------+

Top non-repeatable levels by time:
     D:4: 1378 daAuts
     D:9: 1302 daAuts
     D:8: 1132 daAuts
     D:7: 976 daAuts
     D:3: 763 daAuts
    D:10: 754 daAuts
     D:1: 730 daAuts
     D:6: 691 daAuts
     D:5: 656 daAuts
  Lair:1: 641 daAuts
     D:2: 531 daAuts
  Bailey: 357 daAuts
   Orc:1: 6 daAuts
  Temple: 1 daAuts
